 Dungeon Crawl Stone Soup version 0.25.0-9-g26727b657a (webtiles) character file.

Game seed: 13740788084352708071

4102 protoss039 the Cleaver (level 10, -1/92 HPs)
             Began as a Minotaur Berserker on June 19, 2020.
             Was an Elder of Trog.
             Slain by a porcupine (4 damage)
             ... on level 8 of the Dungeon.
             The game lasted 00:10:20 (8078 turns).

protoss039 the Cleaver (Minotaur Berserker)         Turns: 8078, Time: 00:10:21

Health: -1/92      AC: 16    Str: 25    XL:     10   Next: 6%
Magic:  9/9        EV:  8    Int:  4    God:    Trog [****..]
Gold:   351        SH:  0    Dex: 10    Spells: 9/9 levels left

rFire    . . .     SeeInvis .   a - +0 hand axe
rCold    . . .     Gourm    .   (no shield)
rNeg     . . .     Faith    .   h - +0 plate armour
rPois    .         Spirit   .   (helmet restricted)
rElec    .         Reflect  .   A - scarf {repulsion}
rCorr    .         Harm     .   s - +0 pair of gloves
MR       .....                  x - +0 pair of boots
Stlth    ..........             (no amulet)
HPRegen  0.25/turn              (no ring)
MPRegen  0.11/turn              (no ring)

@: repel missiles
A: retaliatory headbutt, horns 2
a: Berserk, Trog's Hand, Brothers in Arms, Renounce Religion


You were on level 8 of the Dungeon.
You worshipped Trog.
Trog was greatly pleased with you.
You were not hungry.

You visited 1 branch of the dungeon, and saw 8 of its levels.

You collected 377 gold pieces.
You spent 26 gold pieces at shops.

Inventory:

Hand Weapons
 a - a +0 hand axe (weapon)
 u - a +4 flail of venom
Armour
 h - a +0 plate armour (worn)
 s - a +0 pair of gloves (worn)
 x - a +0 pair of boots (worn)
 z - a +1 helmet
 A - a scarf of repulsion (worn)
Jewellery
 D - a cursed ring of attention {unknown}
Wands
 w - a wand of digging (4)
Scrolls
 e - 4 scrolls of enchant armour {unknown}
 f - 8 scrolls of identify
 i - 3 scrolls of teleportation {unknown}
 k - a scroll of amnesia {unknown}
 o - a scroll of immolation {unknown}
 p - 4 scrolls of magic mapping {unknown}
 r - 2 scrolls of fear {unknown}
 y - a scroll of blinking {unknown}
Potions
 b - a potion of cancellation
 d - a potion of flight {unknown}
 g - 3 potions of lignification
 j - a potion of mutation {unknown}
 l - 2 potions of invisibility {unknown}
 m - 2 potions of heal wounds {unknown}
 n - a potion of might {unknown}
 q - a potion of curing {unknown}
 t - a potion of haste {unknown}
 v - 2 potions of berserk rage {unknown}
 B - a potion of stabbing {unknown}
Comestibles
 c - 18 rations
 C - 7 chunks of flesh


   Skills:
 + Level 9.7 Fighting
 + Level 12.3 Axes
 + Level 9.1 Armour
 - Level 2.1 Dodging


You had 9 spell levels left.
You didn't know any spells.
Your spell library was empty.

Dungeon Overview and Level Annotations

Branches:
Dungeon (8/15)             Temple (0/1) D:6
   Lair: D:8-11

Altars:
Dithmenos
Elyvilon
Fedhas
Gozag
Nemelex Xobeh
Okawaru
Qazlal
Sif Muna
Trog
Vehumet
Xom
Yredelemnul

Shops:
D:7 *


Innate Abilities, Weirdness & Mutations

You reflexively headbutt those who attack you in melee.
You have a pair of horns on your head.


Message History

It was a potion of lignification.
You turn into a tree.
Your scarf of repulsion melds into your body.
Your +0 pair of gloves melds into your body.
Your +0 pair of boots melds into your body.
Your +0 plate armour melds into your body.
The haze of the repulsion field disappears.
Your roots penetrate the ground.
The porcupine bites you!
* * * LOW HITPOINT WARNING * * *
Unknown command.
It was a potion of cancellation.
Your magical effects are unravelling.
You feel magically purged.
You feel less wooden.
Your scarf of repulsion unmelds from your body.
Your +0 pair of gloves unmelds from your body.
Your +0 pair of boots unmelds from your body.
Your +0 plate armour unmelds from your body.
You are surrounded by a repulsion field.
The porcupine bites you.
You die...

.... #...... .....
#...... ....>## #.....<
...P... ###...... PP....P
#........
PPP..P†##########........
PPP.PPP..................
....Y.PP..............##.
P.PPP..r@.............###
..P.P...##.......######
P.PPP.P.##.......#
PP......##.......#
PPP.PP...........#
PP..P...##.......#
.P..### ######### PP##


You could see a sky beast and a porcupine.

Vanquished Creatures
  Pikel (D:6)
  A troll (D:7)
  Edmund (D:5)
  2 black bears
  An ice beast (D:5)
  3 porcupines (D:8)
  A sky beast (D:5)
  3 phantoms
  An eye of draining (D:3)
  3 ogres
  2 centaurs
  Blork the orc (D:6)
  2 bullfrogs
  A gnoll sergeant (D:8)
  A wyvern skeleton (D:7)
  5 scorpions
  5 wights (D:7)
  A jelly (D:7)
  7 crimson imps
  4 hounds
  3 bullfrog skeletons
  5 orc wizards
  Jessica (D:2)
  An iguana (D:5)
  5 worker ants
  A hound zombie (D:6)
  7 adders
  9 gnolls
  A shadow imp (D:6)
  4 white imps (D:7)
  2 oozes
  5 worms
  5 dart slugs
  3 leopard geckos
  9 orcs
  5 giant cockroaches
  4 goblins
  4 hobgoblins
  2 jackals (D:3)
  A quokka (D:2)
  8 bats
  A frilled lizard (D:2)
  5 kobolds
  A leopard gecko zombie (D:7)
  A quokka skeleton (D:4)
  7 rats
  A plant (D:8)
147 creatures vanquished.

Vanquished Creatures (others)
  An adder (D:6)
  An orc (D:6)
  A quokka (D:6)
  12 fungi (D:8)
  2 plants (D:8)
17 creatures vanquished.

Grand Total: 164 creatures vanquished

Notes
Turn   | Place    | Note
-------+----------+-------------------------------------------
     0 | D:1      | protoss039 the Minotaur Berserker began the quest for the
                  | Orb.
     0 | D:1      | Reached XP level 1. HP: 19/19 MP: 0/0
   306 | D:1      | Reached skill level 4 in Axes
   408 | D:1      | Reached XP level 2. HP: 26/27 MP: 1/1
  1075 | D:2      | Found a blossoming altar of Fedhas.
  1076 | D:2      | Noticed Jessica
  1079 | D:2      | Killed Jessica
  1079 | D:2      | Reached XP level 3. HP: 34/34 MP: 2/2
  1088 | D:2      | Reached skill level 5 in Axes
  1388 | D:2      | Reached XP level 4. HP: 32/41 MP: 3/3
  1496 | D:2      | Reached ** piety under Trog
  1602 | D:2      | Found a basalt altar of Yredelemnul.
  1865 | D:2      | Found a shadowy altar of Dithmenos.
  2053 | D:2      | Reached skill level 5 in Fighting
  2470 | D:3      | Found a bloodstained altar of Trog.
  2470 | D:3      | Noticed an eye of draining
  2486 | D:3      | Killed an eye of draining
  2486 | D:3      | Reached skill level 6 in Axes
  2486 | D:3      | Reached XP level 5. HP: 48/49 MP: 0/4
  3073 | D:4      | Reached XP level 6. HP: 44/57 MP: 5/5
  3215 | D:4      | Reached skill level 7 in Axes
  4241 | D:5      | Entered Level 5 of the Dungeon
  4275 | D:5      | Reached XP level 7. HP: 54/64 MP: 6/6
  4277 | D:5      | Reached skill level 8 in Axes
  4738 | D:5      | Reached skill level 9 in Axes
  4899 | D:5      | Reached *** piety under Trog
  4899 | D:5      | Reached XP level 8. HP: 60/73 MP: 7/7
  4980 | D:5      | Found an iron altar of Okawaru.
  5020 | D:5      | Noticed Edmund
  5034 | D:5      | Killed Edmund
  5034 | D:5      | Reached skill level 5 in Armour
  5778 | D:5      | Reached skill level 10 in Axes
  5967 | D:6      | Noticed Pikel
  5983 | D:6      | Killed Pikel
  5983 | D:6      | Reached XP level 9. HP: 33/82 MP: 8/8
  6514 | D:6      | Found a staircase to the Ecumenical Temple.
  6640 | D:6      | Reached skill level 11 in Axes
  6721 | D:6      | Found an opulent altar of Gozag.
  6722 | D:6      | Found a radiant altar of Vehumet.
  6723 | D:6      | Found a shimmering altar of Xom.
  6747 | D:6      | Found a shimmering blue altar of Sif Muna.
  6774 | D:6      | Found a white marble altar of Elyvilon.
  6800 | D:6      | Noticed Blork the orc
  6808 | D:6      | Killed Blork the orc
  7146 | D:7      | Found a stormy altar of Qazlal.
  7169 | D:7      | Reached **** piety under Trog
  7324 | D:7      | Noticed a troll
  7331 | D:7      | Found Yfadd's General Store.
  7341 | D:7      | Killed a troll
  7529 | D:7      | Bought a scroll of identify for 26 gold pieces
  7852 | D:8      | Reached skill level 12 in Axes
  7854 | D:8      | Found a sparkling altar of Nemelex Xobeh.
  8048 | D:8      | Reached XP level 10. HP: 72/91 MP: 9/9
  8077 | D:8      | HP: 4/138 [porcupine (9)]
  8078 | D:8      | Slain by a porcupine

Illustrated notes

Levels and vault maps discovered:
D:1:      lemuel_arrival_funnel, layout_basic
D:2:      layout_loops_corners, marbit_many_paths, old_standard_altar,
          grunt_dithmenos_smoke_and_mirrors, uniq_jessica
D:3:      layout_loops_ring, trog_eyes_of_draining, due_unseen_surprise
D:4:      layout_basic
D:5:      layout_basic, nicolae_overflow_hidden_temple, first_ration,
          minmay_misc_feat_more_columns, uniq_edmund
D:6:      layout_loops_ring, chequers_temple_overflow_statue_of_worship,
          kennysheep_little_box, minmay_temple_entry_arrows, basic_altar,
          uniq_pikel, uniq_blork_the_orc
D:7:      layout_rooms, nicolae_overflow_crystal_walls, serial_shops,
          nicolae_shop_temple_entry_statues_fountains, dk_noncrumbling_2,
          minmay_nine_imps
D:8:      layout_basic, old_standard_altar, nemelex_xobeh_ov_fountains_minmay,
          due_lair_maze_entry_diamond

Skill      XL: |  1  2  3  4  5  6  7  8  9 |
---------------+----------------------------+-----
Fighting       | 4 5 6 7 8 9 |  9.7
Axes           | 4 5 6 7 9 10 12 | 12.3
Armour         | 3 4 7 9 |  9.1
Dodging        | |  2.1

Action                   |  1- 3 |  4- 6 |  7- 9 | 10-12 || total
-------------------------+-------+-------+-------+-------++-------
Melee: Hand axe          |    58 |   142 |   347 |    24 ||   571
       Headbutt          |    10 |    22 |    76 |     8 ||   116
Invok: Berserk           |       |       |     1 |       ||     1
  Use: Potion            |       |       |       |     2 ||     2
  Eat: Chunk             |     1 |     8 |    11 |       ||    20
       Ration            |       |       |     1 |       ||     1
Armor: Animal skin       |    10 |     2 |       |       ||    12
       Plate armour      |       |    63 |   194 |     7 ||   264
Dodge: Dodged            |    36 |    52 |   112 |     6 ||   206
